AoeStats
← K

Arena

508879958Analyzed
4v4 RM · 9d ago on Sep 24, 2026· 34m 49s· 8 players
Game mode
Random Map
Map size
Large (8 player)
Population
200
Speed
Normal
Resources
Standard
Victory
Conquest
Starting age
Dark Age
Ending age
Imperial Age
RankedLock teamsTeams togetherTeam positionsShared explorationLock speedFull tech treeHidden civsTurbo modeCheats
Victory
Defeat
🇨🇳 Poles · China
1109
+14
🇨🇳 Saracens · China
1069
+15
🇨🇳 Jurchens · China
1067
+15
🇨🇳 Ethiopians · China
1045
+16
🇬🇧 Dravidians · United Kingdom
1217
-21
🇷🇴 Burmese · Romania
1073
-15
🇹🇼 Magyars · Taiwan
1047
-15
🇨🇳 Romans · China
890
-9
denny0002000
10:52 Feudal Age
12:00 Loom
15:03 Castle Age
13:16 Double-Bit Axe
13:36 Horse Collar
15:18 Gold Mining
16:52 Bow Saw
19:47 Heavy Plow
23:30 Wheelbarrow
23:53 Gold Shaft Mining
24:06 Corvinian Army
25:06 Corvinian Army
25:15 Scale Barding Armor
26:53 Hand Cart
27:51 Stone Mining
29:49 Chain Barding Armor
30:07 Bloodlines
29:57 Husbandry
32:46 Imperial Age
Nielu256
11:20 Feudal Age
15:24 Castle Age
13:07 Horse Collar
14:24 Scale Mail Armor
20:37 Loom
23:37 Wheelbarrow
28:26 Imperial Age
26:01 Stone Mining
26:37 Gold Mining
26:27 Man-at-Arms
26:53 Gambesons
27:08 Squires
26:28 Pikeman
26:54 Arson
27:57 Hand Cart
27:27 Town Watch
27:59 Chain Mail Armor
29:17 Forging
28:58 Fletching
29:08 Padded Archer Armor
29:14 Scale Barding Armor
29:51 Plate Mail Armor
28:44 Long Swordsman
29:23 Halberdier
30:53 Iron Casting
30:11 Two-Handed Swordsman
31:38 Bodkin Arrow
打爆你的金针菇
11:34 Feudal Age
12:17 Double-Bit Axe
17:35 Castle Age
15:37 Double-Bit Axe
16:44 Horse Collar
17:30 Stone Mining
18:26 Bow Saw
23:36 Gold Mining
24:29 Wheelbarrow
23:41 Loom
25:51 Gold Shaft Mining
25:39 Hand Cart
31:18 Imperial Age
29:39 Heavy Plow
30:35 Forging
30:26 Scale Mail Armor
31:52 Iron Casting
33:08 Crop Rotation
32:06 Pikeman
32:47 Squires
32:09 Man-at-Arms
34:35 Comitatenses
34:49 Conscription
34:05 Long Swordsman
K
11:24 Feudal Age
13:36 Double-Bit Axe
16:06 Castle Age
14:27 Stone Mining
18:51 Bow Saw
19:48 Fletching
20:10 Horse Collar
22:50 Heavy Plow
22:42 Gold Mining
22:41 Town Watch
26:50 Town Patrol
27:27 Wheelbarrow
26:38 Loom
28:34 Hand Cart
28:22 Bodkin Arrow
31:53 Imperial Age
29:47 Padded Archer Armor
29:13 Pikeman
29:54 Squires
29:39 Gambesons
31:20 Forging
33:08 Thumb Ring
32:24 Elite Elephant Archer
^_^
10:27 Feudal Age
12:18 Double-Bit Axe
14:38 Castle Age
12:42 Horse Collar
20:13 Bow Saw
28:05 Imperial Age
26:11 Wheelbarrow
25:23 Loom
25:24 Town Watch
25:33 Gold Mining
26:14 Heavy Plow
26:20 Scale Barding Armor
26:27 Stone Mining
26:23 Treadmill Crane
27:24 Chain Barding Armor
27:14 Forging
27:46 Szlachta Privileges
28:21 Hand Cart
29:10 Conscription
28:14 Cavalier
29:58 Crop Rotation
30:05 Iron Casting
29:50 Bloodlines
29:40 Husbandry
30:33 Town Patrol
32:08 Blast Furnace
32:51 Chemistry
casuai
7:46 Loom
10:06 Feudal Age
11:23 Town Watch
12:24 Horse Collar
14:54 Castle Age
12:52 Double-Bit Axe
26:01 Gold Mining
29:20 Imperial Age
27:19 Heavy Plow
27:21 Gold Mining
28:00 Fletching
28:11 Padded Archer Armor
28:51 Ballistics
27:55 Crossbowman
30:27 Padded Archer Armor
30:25 Bodkin Arrow
31:09 Gold Shaft Mining
30:25 Stone Mining
31:42 Chemistry
30:54 Fortified Wall
30:32 Arbalester
31:29 Bracer
31:47 Leather Archer Armor
32:21 Bow Saw
33:33 Thumb Ring
34:46 Masonry
34:13 Capped Ram
NickJiang
10:21 Feudal Age
11:52 Double-Bit Axe
14:38 Castle Age
15:31 Wheelbarrow
17:21 Loom
23:40 Bow Saw
23:15 Horse Collar
30:02 Imperial Age
27:42 Siege Engineers
27:57 Ballistics
28:03 Hand Cart
27:41 Gold Mining
28:50 Padded Archer Armor
31:03 Thunderclap Bombs
31:56 Chemistry
31:53 Gold Shaft Mining
33:14 Fortified Wall
34:13 Conscription
33:57 Fortified Bastions
33:46 Town Watch
34:57 Heavy Plow
36:00 Two-Man Saw
bluestorm
10:40 Feudal Age
11:55 Double-Bit Axe
12:08 Horse Collar
14:40 Castle Age
15:35 Wheelbarrow
15:51 Bow Saw
15:58 Heavy Plow
22:07 Hand Cart
23:14 Gold Mining
23:31 Stone Mining
25:21 Gold Shaft Mining
28:39 Imperial Age
26:23 Town Watch
26:24 Loom
27:08 Scale Barding Armor
27:13 Forging
27:59 Ballistics
28:30 Chain Barding Armor
28:20 Forging
28:47 Bloodlines
28:37 Husbandry
28:08 Light Cavalry
29:11 Fortified Wall
28:53 Elite Mameluke
29:53 Conscription
30:50 Plate Barding Armor
30:51 Iron Casting
30:22 Hussar
32:22 Two-Man Saw
Connection lost

Rejoining the realm…

Still unreachable

The connection could not be restored.

Session expired

The server has moved on; the page needs a fresh start.